Cogmind - Beta 14 @@@ ROGUE MODE // 2024.08.29 @ 15:39:47 Player: Kunndt Result: Destroyed self with Mini Grenade Launcher Performance ------------- Evolutions (3) 1500 Regions Visited (8) 1600 Robots Destroyed (198) 990 Value Destroyed (5578) 5578 Prototype IDs (11) 220 Alien Tech Used (0) 0 Bonus (536) 536 TOTAL SCORE: 10424 Bonus ------- High Alert Combat Kills 735 Follower Combat Kills 60 Friendly Fire -259 Cogmind --------- Core Integrity 0/700 Matter 117/300 Energy 100/100 System Corruption 8% Temperature Cool (0) Movement Walking (120) Location -7/Lower Caves Parts ------- > --- POWER (1) -------- (None) > --- PROPULSION (5) --- Aluminum Leg Aluminum Leg > --- UTILITY (5) ------ Improved Heat Sink Medium Storage Unit Advanced Targeting Computer Armor Integrity Analyzer > --- WEAPON (2) ------- Mini Assault Cannon Mini Grenade Launcher > --- INVENTORY (10) --- Cooling System Advanced Visual Processing Unit Improved Transmission Jammer Improved Light Armor Plating Medium Reflective Plating Mini Assault Cannon Mini Grenade Launcher Precision Grenade Launcher Greatsword Peak State ------------ > --- POWER ------------ Cooled Deuterium Engine > --- PROPULSION ------- Light Treads Medium Treads Aluminum Leg Carbon-fiber Leg Carbon-fiber Leg > --- UTILITY ---------- Improved Cooling System Medium Storage Unit Improved Light Armor Plating Advanced Hacking Suite Advanced System Shield > --- WEAPON ----------- Improved Spread Laser Heavy Beamcaster > --- INVENTORY -------- Light Nuclear Core Improved Targeting Computer Improved Light Armor Plating Heavy EM Shotgun Mini Assault Cannon Mini Assault Cannon Mini Grenade Launcher Mini Grenade Launcher Greatsword [Rating: 51] Favorites ----------- Power Cooled Deuterium Engine Engine Cooled Deuterium Engine Power Core Light Nuclear Core Propulsion Light Treads Treads Light Treads Leg Carbon-fiber Leg Wheel Compact Wheel Hover Unit Hover Unit Flight Unit Xenon Bombardment Thruster Utility Medium Storage Unit Device Improved Sensor Array Storage Medium Storage Unit Processor Improved Targeting Computer Hackware Advanced System Shield Protection Improved Light Armor Plating Weapon Assault Rifle Energy Gun Heavy Beamcaster Energy Cannon Advanced Beam Cannon Ballistic Gun Assault Rifle Ballistic Cannon Mini Assault Cannon Launcher Mini Grenade Launcher Special Weapon Plasma Cutter Slashing Weapon Katana Build | -11 -10 -9 -8 -7 -7 -7 -7 -7 ------- Run | Yrd Mat Mat Mat Fac Was Fac Low Low Slots Evolved 6 | . . 2 2 2 . . . . Power . | . . . . . . . . . Propulsion 3 | . . 2 . 1 . . . . Utility 3 | . . . 2 1 . . . . Weapon . | . . . . . . . . . Parts Attached 239 | 7 6 36 21 82 5 36 18 28 Power 18 | 1 3 5 1 7 . . . 1 Engine 12 | 1 3 4 1 3 . . . . Core 6 | . . 1 . 4 . . . 1 Reactor . | . . . . . . . . . Propulsion 70 | 2 . 19 6 25 . 11 2 5 Treads 17 | 2 . 6 1 2 . 4 1 1 Leg 12 | . . . . 3 . 4 1 4 Wheel 16 | . . 5 . 11 . . . . Hover 24 | . . 8 5 8 . 3 . . Flight 1 | . . . . 1 . . . . Utility 53 | 2 1 1 6 22 . 7 7 7 Device 20 | 1 . . 2 11 . 1 2 3 Storage 3 | 1 1 . 1 . . . . . Processor 5 | . . 1 1 . . . 1 2 Hackware 3 | . . . . 1 . 2 . . Protection 22 | . . . 2 10 . 4 4 2 Artifact . | . . . . . . . . . Weapon 98 | 2 2 11 8 28 5 18 9 15 Energy Gun 30 | 1 1 2 1 8 3 8 3 3 Energy Cannon 13 | . 1 2 3 7 . . . . Ballistic Gun 8 | 1 . 3 . 3 . . . 1 Ballistic Cannon 9 | . . . . . . 2 1 6 Launcher 27 | . . 3 2 6 2 6 4 4 Special Weapon 1 | . . . . . . 1 . . Impact Weapon . | . . . . . . . . . Slashing Weapon 10 | . . 1 2 4 . 1 1 1 Piercing Weapon . | . . . . . . . . . Special Melee Weapon . | . . . . . . . . . Unidentified Prototypes 11 | . . 2 . 4 . 4 . 1 Parts Lost 45 | . . 3 6 15 . 9 4 8 Power 4 | . . . 1 2 . . . 1 Propulsion 26 | . . 3 3 8 . 7 2 3 Utility 11 | . . . 1 3 . 2 2 3 Weapon 4 | . . . 1 2 . . . 1 Highest Loss Streak 5 | . . 1 2 5 . 5 2 4 To Critical Strikes . | . . . . . . . . . Average Slot Usage (%) 93 | . 100 95 96 90 100 92 89 89 Engine 7 | . 14 10 2 3 7 7 7 5 Core 1 | . . . 6 2 . . . 1 Treads 10 | . 28 19 . 6 . 7 4 3 Leg 7 | . . . . 1 . 9 26 28 Wheel 5 | . . 19 . 10 . . . . Hover 8 | . . 1 34 9 38 15 . . Device 6 | . 14 . 2 7 15 5 3 8 Storage 8 | . 14 11 9 7 7 7 7 7 Processor 7 | . . 10 18 11 7 3 5 9 Hackware 3 | . . . . 4 . 12 7 . Protection 4 | . . . 5 4 7 6 11 8 Energy Gun 7 | . 11 5 4 4 14 9 5 4 Energy Cannon 2 | . 2 6 8 3 . . . . Ballistic Gun 4 | . 14 8 . 2 . . . . Slashing Weapon 1 | . . . 4 3 . . 2 1 Peak Build Rating 51 | 9 12 18 22 46 43 51 48 49 Average Rating 29 | 5 10 13 19 32 41 45 44 41 On Entrance 25 | . 9 11 18 18 41 43 48 38 Naked Turns . | . . . . . . . . . Heaviest Build 46 | 12 31 35 32 38 36 46 46 41 Greatest Support 57 | 40 40 48 27 44 37 48 52 57 Greatest Overweight (x) 3 | 3 . 3 1 3 . 1 1 . Average Overweight (x) . | . . . . . . . . . Largest Inventory Capacity 15 | 8 15 15 15 10 10 10 10 10 Average Capacity 11 | 7 12 15 10 10 10 10 10 10 Most Carried 15 | 6 15 15 11 10 10 10 10 10 Average Carried 10 | 4 11 14 9 9 9 9 9 9 Final Capacity 15 | 8 15 15 10 10 10 10 10 10 Final Carried 15 | 6 15 12 9 10 10 10 10 10 Class Distribution -------------------- 48% | Mutant 40% | Scavenger-Mutant 11% | Hacker-Mutant Dominant Class ---------------- Mutant | -10/Materials Mutant | -9/Materials Scavenger-Mutant | -8/Materials Scavenger-Mutant | -7/Factory Scavenger-Mutant | -7/Waste Hacker-Mutant | -7/Factory Scavenger-Mutant | -7/Lower Caves Scavenger-Mutant | -7/Lower Caves Resources | -11 -10 -9 -8 -7 -7 -7 -7 -7 ----------- Run | Yrd Mat Mat Mat Fac Was Fac Low Low Matter Collected 3644 | 280 209 522 162 1088 138 449 383 413 Remotely . | . . . . . . . . . Salvage Created 5614 | 105 482 923 423 1810 17 1032 248 574 Parts 326 | 6 39 68 30 96 3 43 18 23 Haulers Intercepted 11 | . 1 4 1 2 . 2 . 1 Recyclers Shooed 5 | . . 1 . 3 . 1 . . Parts Field Recycled . | . . . . . . . . . Retrieved Matter . | . . . . . . . . . Parts Self-Destructed 27 | . . . . . . . 14 13 Prevented . | . . . . . . . . . Kills | -11 -10 -9 -8 -7 -7 -7 -7 -7 ------- Run | Yrd Mat Mat Mat Fac Was Fac Low Low Combat Hostiles Destroyed 135 | . 12 25 16 33 . 20 10 19 Melee 13 | . . . 6 4 . 2 1 . Guns 48 | . 8 12 3 17 . 7 1 . Cannons 19 | . 4 4 1 3 . 3 . 4 AOE 55 | . . 9 6 9 . 8 8 15 Classes Destroyed 18 | 2 5 5 1 3 . 1 1 . Worker 21 | . 1 2 . 12 . 6 . . Builder 8 | . . 1 1 4 . 2 . . Tunneler 3 | 2 . . . 1 . . . . Hauler 11 | . 1 4 1 2 . 2 . 1 Recycler 7 | 1 . 1 1 3 . 1 . . Minesweeper 1 | . . . . . . . 1 . Mechanic 1 | . . 1 . . . . . . Operator 5 | . . . 1 2 . 2 . . Watcher 5 | . 1 2 . 1 . 1 . . Swarmer 47 | . 3 10 11 6 . 4 7 6 Grunt 58 | . 9 10 3 18 . 6 2 10 Brawler 5 | . . 1 . 2 . . . 2 Duelist 3 | . . 1 . 1 . 1 . . Protector 1 | . . . . 1 . . . . Sentry 10 | . . 3 2 2 . 1 1 1 Specialist 2 | . . . . . . 2 . . Hunter 7 | . . . . 1 . 6 . . Programmer 2 | . . . . 2 . . . . Wasp 1 | . . . . . 1 . . . Best Kill Streak 10 | 3 4 9 6 9 . 10 4 7 Combat Bots Only 8 | . 3 8 6 4 . 4 4 7 Max Kills in Single Turn 5 | 1 1 3 3 5 1 4 2 3 Gunslinging 1 | . . . . . . 1 . . Exploded 4 | . . 3 3 2 . 4 2 3 Melee 1 | . . . 1 1 . 1 1 . Uniques/NPCs Destroyed . | . . . . . . . . . Combat | -11 -10 -9 -8 -7 -7 -7 -7 -7 -------- Run | Yrd Mat Mat Mat Fac Was Fac Low Low Hostile Shots Fired 764 | . 48 87 61 285 . 143 51 89 Missed 241 | . 12 27 18 87 . 49 13 35 Damage Taken 7726 | . 355 835 780 2561 34 1553 571 1037 Core 1063 | . 49 160 150 303 . 251 32 118 Absorbed by Shields . | . . . . . . . . . Redirected to Shielding 52 | . . . . . . . . 52 Ignored by Resistances 21 | . . . . 21 . . . . Regen/Repaired (Parts) 290 | . . . . 80 94 116 . . Core Remaining (%) 78 | 100 80 60 72 . . . . . Volleys Fired 313 | 10 43 66 16 88 8 41 8 33 Largest 2 | 2 2 2 2 2 2 2 2 2 Hottest 160 | 60 85 98 131 160 151 151 156 129 Shots Fired 603 | 20 86 130 29 162 16 81 16 63 Gun 409 | 20 76 101 13 107 14 53 5 20 Cannon 131 | . 10 22 11 42 . 17 1 28 Launcher 61 | . . 7 5 13 2 9 10 15 Special 2 | . . . . . . 2 . . Kinetic 195 | 10 43 57 . 39 . 17 1 28 Thermal 337 | 10 43 66 24 110 14 45 5 20 Explosive 59 | . . 7 5 11 2 9 10 15 Electromagnetic 12 | . . . . 2 . 10 . . Robot Hit Streak 22 | 4 16 22 12 11 7 19 2 9 Robot Miss Streak 14 | 2 3 9 3 14 2 7 3 7 Penetration Max . | . . . . . . . . . Secondary Targets 4 | . . 2 . 1 . 1 . . Max Gunslinging Chain 1 | . . 1 . 1 . 1 . . Shots Hit Robots 492 | 12 54 101 39 163 12 61 6 44 Core Hits 376 | 4 22 77 23 134 3 59 18 36 Critical Kills 1 | . 1 . . . . . . . Critical Parts Destroyed . | . . . . . . . . . Critical Strikes 15 | . 1 1 4 3 1 4 . 1 Burn 4 | . . . 2 . 1 1 . . Destroy 1 | . 1 . . . . . . . Blast 1 | . . . . . . 1 . . Sever 9 | . . 1 2 3 . 2 . 1 Melee Attacks 93 | . . 4 22 44 . 12 3 8 Impact . | . . . . . . . . . Slashing 93 | . . 4 22 44 . 12 3 8 Piercing . | . . . . . . . . . Sneak Attacks 16 | . . . 3 9 . 2 1 1 Combat Hostiles . | . . . . . . . . . Follow-up Attacks . | . . . . . . . . . Damage Inflicted 17184 | 152 725 2420 1530 5285 656 3009 901 2506 Guns 5063 | 152 582 905 169 1964 292 845 5 149 Cannons 1909 | . 143 379 146 679 . 182 . 380 Explosions 6969 | . . 1060 512 1238 364 1478 746 1571 Melee 3222 | . . 68 703 1404 . 491 150 406 Ramming 21 | . . 8 . . . 13 . . Kinetic 1913 | 77 331 368 . 575 . 182 . 380 Thermal 5716 | 75 394 1237 315 2068 292 1181 5 149 Explosive 6092 | . . 739 512 1178 364 982 746 1571 Electromagnetic 220 | . . . . 60 . 160 . . Impact . | . . . . . . . . . Slashing 3222 | . . 68 703 1404 . 491 150 406 Piercing . | . . . . . . . . . Highest Corruption 8 | . . . 3 4 4 4 4 8 Average Corruption 4 | . . . 3 3 4 4 4 7 Corruption Purged . | . . . . . . . . . Corruption Blocked . | . . . . . . . . . Effects 59 | . . . . 7 5 17 12 18 Message Errors 17 | . . . . 1 2 5 4 5 Matter Fused 13 | . . . . 3 . 5 3 2 Heat Flow Errors 5 | . . . . 1 3 . . 1 Energy Discharges 5 | . . . . 1 . 2 . 2 Parts Rejected 2 | . . . . . . . . 2 Parts Fused 1 | . . . . 1 . . . . Data Loss (minor) 7 | . . . . . . 4 1 2 Data Loss (major) 3 | . . . . . . . 2 1 Misfires 2 | . . . . . . 1 . 1 Alerts 3 | . . . . . . . 2 1 Weapon Failures 1 | . . . . . . . . 1 Overload Shots . | . . . . . . . . . Overflow Damage 798 | . . 56 113 308 . 207 28 86 Projectiles 75 | . . 3 . 68 . . . 4 Explosions 206 | . . 53 5 11 . 74 28 35 Melee 517 | . . . 108 229 . 133 . 47 Knockbacks 5 | . . . . . . 1 . 4 Impact . | . . . . . . . . . Kinetic 5 | . . . . . . 1 . 4 Secondary . | . . . . . . . . . Self-Inflicted Damage 490 | . . 130 26 63 35 31 48 157 Shots 20 | . . 3 1 3 2 1 2 8 Rammed 2 | . . 1 . . . 1 . . Targets Rammed 3 | . . 2 . . . 1 . . Kicked . | . . . . . . . . . Crushed 1 | . . 1 . . . . . . Highest Temperature 568 | . 276 176 390 568 251 335 69 215 Average Temperature 91 | . 79 47 130 124 118 115 28 81 Received Heat Transfer 1677 | . 153 234 162 732 . 141 39 216 Effects 5 | . . . 1 4 . . . . Energy Bleed 1 | . . . 1 . . . . . Interference 2 | . . . . 2 . . . . Short Circuit 1 | . . . . 1 . . . . Damage (minor) 1 | . . . . 1 . . . . Siege Activations . | . . . . . . . . . Robots Corrupted . | . . . . . . . . . Combat Hostiles . | . . . . . . . . . Parts Fried . | . . . . . . . . . Impact Corruptions . | . . . . . . . . . Robots Melted . | . . . . . . . . . Combat Hostiles . | . . . . . . . . . Parts Melted 14 | 1 . 1 2 8 . 2 . . Heat Transferred 10009 | 175 915 1901 777 4034 555 1466 5 181 Parts Sabotaged . | . . . . . . . . . Parts Stolen 3 | . . . . . . . . 3 Parts Stripped . | . . . . . . . . . Power Chain Reactions 1 | . . . . . . 1 . . Alert | -11 -10 -9 -8 -7 -7 -7 -7 -7 ------- Run | Yrd Mat Mat Mat Fac Was Fac Low Low Peak Influence 828 | 15 199 638 664 828 327 610 . . Initial 299 | . 9 55 254 299 289 106 . . Average 388 | 5 97 443 447 605 232 375 . . Maximum Alert Level 3 | . . 2 2 3 1 2 . . Low Security (%) 32 | 100 100 20 . . 42 22 . . Level 1 15 | . . 11 40 8 57 27 . . Level 2 43 | . . 68 59 62 . 49 . . Level 3 8 | . . . . 28 . . . . Level 4 . | . . . . . . . . . Level 5 . | . . . . . . . . . High Security . | . . . . . . . . . Max Security . | . . . . . . . . . Squads Dispatched 26 | . 5 3 2 9 . 6 . 1 Investigation 14 | . 3 1 1 5 . 4 . . Extermination 1 | . . . . 1 . . . . Reinforcement 8 | . 2 1 1 2 . 2 . . Assault 3 | . . 1 . 1 . . . 1 Garrison . | . . . . . . . . . Intercept . | . . . . . . . . . Searches Triggered . | . . . . . . . . . Construction Impeded . | . . . . . . . . . Haulers Reinforced 1 | . . . . . . 1 . . Active Scanning Responses . | . . . . . . . . . Cargo Convoy Interrupts . | . . . . . . . . . Stealth | -11 -10 -9 -8 -7 -7 -7 -7 -7 --------- Run | Yrd Mat Mat Mat Fac Was Fac Low Low Distress Signals 5 | . 1 1 2 . . 1 . . Communications Jammed . | . . . . . . . . . Distress Signals . | . . . . . . . . . Times Spotted 189 | . 18 33 23 50 8 22 13 22 Peak Tracking Total 11 | . 3 5 11 6 6 6 4 7 Tactical Retreats 14 | . 2 1 2 6 2 . . 1 Traps | -11 -10 -9 -8 -7 -7 -7 -7 -7 ------- Run | Yrd Mat Mat Mat Fac Was Fac Low Low Traps Triggered 3 | . . . . 2 . 1 . . Indirectly . | . . . . . . . . . Trap Hack Attempts . | . . . . . . . . . Triggered . | . . . . . . . . . Disarmed . | . . . . . . . . . Reprogrammed . | . . . . . . . . . Reused . | . . . . . . . . . Traps Extracted . | . . . . . . . . . Installed . | . . . . . . . . . Triggered . | . . . . . . . . . Machines | -11 -10 -9 -8 -7 -7 -7 -7 -7 ---------- Run | Yrd Mat Mat Mat Fac Was Fac Low Low Machines Disabled 29 | . . 3 1 6 . 18 . 1 Max in Single Turn 15 | . . 2 1 2 . 15 . 1 Garrison Access 2 | . . . . 1 . 1 . . Machines Repaired . | . . . . . . . . . Machines Dismantled 1 | . . . . . . 1 . . Machines Sabotaged . | . . . . . . . . . Overloaded Fab Kills . | . . . . . . . . . Hacking | -11 -10 -9 -8 -7 -7 -7 -7 -7 --------- Run | Yrd Mat Mat Mat Fac Was Fac Low Low Machines Accessed 25 | . 5 3 2 8 . 7 . . Terminals 17 | . 5 2 2 4 . 4 . . Fabricators 3 | . . . . 2 . 1 . . Repair Stations 3 | . . 1 . 1 . 1 . . Recycling Units . | . . . . . . . . . Scanalyzers . | . . . . . . . . . Garrison Access 2 | . . . . 1 . 1 . . Total Hacks 82 | . 14 10 7 20 . 31 . . Successful 34 | . 4 4 3 14 . 9 . . Failed 48 | . 10 6 4 6 . 22 . . Catastrophic 10 | . 4 2 . . . 4 . . Database Lockouts . | . . . . . . . . . Manual 43 | . 13 4 7 3 . 16 . . Terminals 58 | . 14 6 7 10 . 21 . . Fabricators 9 | . . . . 5 . 4 . . Repair Stations 12 | . . 4 . 4 . 4 . . Recycling Units . | . . . . . . . . . Scanalyzers . | . . . . . . . . . Garrison Access 3 | . . . . 1 . 2 . . Terminal Hacks 20 | . 4 3 3 6 . 4 . . Record 3 | . . 1 . 1 . 1 . . Part Schematic 2 | . 1 . 1 . . . . . Robot Analysis 2 | . 1 . . 1 . . . . Open DSF 2 | . . . . 2 . . . . Terminal Index 4 | . 1 1 1 . . 1 . . Alert Level 1 | . 1 . . . . . . . Unreport Threat 2 | . . . 1 1 . . . . Maintenance Status 1 | . . 1 . . . . . . Security Status 1 | . . . . . . 1 . . Patrol Status 1 | . . . . 1 . . . . Zone Layout 1 | . . . . . . 1 . . Fabricator Hacks 5 | . . . . 4 . 1 . . Load Schematic 3 | . . . . 2 . 1 . . Build 2 | . . . . 2 . . . . Repair Station Hacks 6 | . . 1 . 3 . 2 . . Scan Component 4 | . . 1 . 2 . 1 . . Repair 2 | . . . . 1 . 1 . . Recycling Unit Hacks . | . . . . . . . . . Scanalyzer . | . . . . . . . . . Garrison Access Hacks 2 | . . . . 1 . 1 . . Seal Access 2 | . . . . 1 . 1 . . Unauthorized Hacks 1 | . . . . . . 1 . . Terminals 1 | . . . . . . 1 . . Assimilate 1 | . . . . . . 1 . . Fabricators . | . . . . . . . . . Repair Stations . | . . . . . . . . . Recycling Units . | . . . . . . . . . Scanalyzers . | . . . . . . . . . Garrison Access . | . . . . . . . . . Data Cores Recovered 1 | . . . . . . 1 . . Used 1 | . . . . . . 1 . . Hacking Detections 23 | . 5 3 2 6 . 7 . . Full Trace Events 16 | . 4 2 1 5 . 4 . . Feedback Events . | . . . . . . . . . Feedback Blocked . | . . . . . . . . . Robot Schematics Acquired . | . . . . . . . . . Robots Built . | . . . . . . . . . Authchips . | . . . . . . . . . Time . | . . . . . . . . . Total Robot Build Rating . | . . . . . . . . . Part Schematics Acquired 2 | . 1 . 1 . . . . . Parts Built 3 | . . . . 3 . . . . Authchips . | . . . . . . . . . Time 76 | . . . . 76 . . . . Total Part Build Rating 3 | . . . . 3 . . . . Parts Repaired 2 | . . . . 1 . 1 . . Time 63 | . . . . 44 . 19 . . Parts Recycled . | . . . . . . . . . Recycled Matter . | . . . . . . . . . Retrieved Matter . | . . . . . . . . . Retrieved Components . | . . . . . . . . . Parts Scanalyzed . | . . . . . . . . . Part Schematics Acquired . | . . . . . . . . . Parts Damaged . | . . . . . . . . . Bothacking | -11 -10 -9 -8 -7 -7 -7 -7 -7 ------------ Run | Yrd Mat Mat Mat Fac Was Fac Low Low Used RIF Installer . | . . . . . . . . . Robots Hacked . | . . . . . . . . . Non-combat . | . . . . . . . . . Combat . | . . . . . . . . . Robot Hacks Applied . | . . . . . . . . . Relay Couplers Released . | . . . . . . . . . Fabnet Peak Effective % . | . . . . . . . . . Robots Rewired . | . . . . . . . . . Allies Hacked . | . . . . . . . . . Hacks Repelled . | . . . . . . . . . Allies | -11 -10 -9 -8 -7 -7 -7 -7 -7 -------- Run | Yrd Mat Mat Mat Fac Was Fac Low Low Total Allies 19 | . . . . . 19 . . . Largest Group 19 | . . . . . 19 5 . . Highest-Rated Group 465 | . . . . . 465 130 . . Highest-Rated Ally 35 | . . . . . 35 31 . . Total Orders . | . . . . . . . . . Ally Attacks 147 | . . . . . 131 16 . . Total Damage 4193 | . . . . . 4065 128 . . Kills 11 | . . . . . 10 1 . . Allies Corrupted . | . . . . . . . . . Allies Melted . | . . . . . . . . . Intel | -11 -10 -9 -8 -7 -7 -7 -7 -7 ------- Run | Yrd Mat Mat Mat Fac Was Fac Low Low Robot Analysis Total 2 | . 1 . . 1 . . . . Derelict Logs Recovered 1 | . . . . . . . 1 . Drone Launches . | . . . . . . . . . Drone Recoveries . | . . . . . . . . . Exploration | -11 -10 -9 -8 -7 -7 -7 -7 -7 ------------- Run | Yrd Mat Mat Mat Fac Was Fac Low Low Turns Passed 6197 | 142 959 860 373 1476 295 896 668 528 Spaces Moved 3943 | 65 381 421 264 1013 327 716 452 304 Core 12 | 12 . . . . . . . . Treads 579 | 53 381 73 . 1 . 71 . . Legs 923 | . . . . 1 . 166 452 304 Wheels 938 | . . 332 . 606 . . . . Hover 1491 | . . 16 264 405 327 479 . . Flight . | . . . . . . . . . Fastest Speed 44 | 50 160 93 48 44 44 44 110 110 Average Speed 97 | 148 160 120 65 80 44 80 130 111 Slowest Speed 260 | 200 160 240 132 260 44 240 186 114 Overloaded Moves . | . . . . . . . . . Propulsion Burnouts . | . . . . . . . . . Robots Hopped . | . . . . . . . . . Cave-ins Triggered 1 | . . . 1 . . . . . Exploration Rate (%) 40 | 5 64 28 21 22 96 18 74 36 Regions Visited 8 Branch Regions 2 Pre-discovered Areas . | . . . . . . . . . Known Exits Taken 1 | . . . 1 . . . . . Unknown Exits Taken 5 | 1 1 1 . . . 1 1 . Scrap Searched 5 | . . . . . . . 4 1 Spaces Dug 6 | . . . 2 3 . 1 . . Terrain Destroyed 385 | . . 109 47 31 6 64 51 77 Melee 6 | . . . 2 3 . 1 . . Projectile 12 | . . 1 . . . 4 . 7 AOE 367 | . . 108 45 28 6 59 51 70 Terrain Rammed . | . . . . . . . . . Walls Destroyed . | . . . . . . . . . Machines Disabled . | . . . . . . . . . Actions | -11 -10 -9 -8 -7 -7 -7 -7 -7 --------- Run | Yrd Mat Mat Mat Fac Was Fac Low Low Total 5498 | 87 648 644 398 1437 460 909 506 409 Wait 673 | . 193 80 56 137 115 60 13 19 Move 3936 | 64 380 420 263 1013 326 715 451 304 Hop . | . . . . . . . . . Pick Up 96 | 6 15 11 12 24 3 14 5 6 Fast Attach 91 | 7 1 11 4 35 . 13 6 14 Attach 45 | . . 7 6 14 . 8 4 6 Detach 16 | . . 1 1 8 . 4 . 2 Swap 103 | . 5 18 11 33 5 15 8 8 Drop 121 | . 11 24 7 41 3 18 8 9 Fire 313 | 10 43 66 16 88 8 41 8 33 Melee 93 | . . 4 22 44 . 12 3 8 Ram . | . . . . . . . . . Kick . | . . . . . . . . . Crush 3 | . . 2 . . . 1 . . Escape Stasis . | . . . . . . . . . Rewire . | . . . . . . . . . Trap . | . . . . . . . . . Miscellaneous 8 | . . . . . . 8 . . Route ------- -11/Scrapyard -10/Materials (discovered 2 exits: *Mat / [*Min]) -9/Materials (discovered 2 exits: *Mat / [*Min]) -8/Materials -7/Factory -7/Waste -7/Factory -7/Lower Caves -7/Lower Caves History --------- Turn | Location | Event 18 | -11/Scrapyard | Discovered new exit (range 15) 143 | -11/Scrapyard | Entered Materials 329 | -10/Materials | Build established: Mutant 563 | -10/Materials | Discovered new exit (range 7) 840 | -10/Materials | Discovered new exit (range 9) 1102 | -10/Materials | Entered another Materials area 1102 | -9/Materials | Evolved 2 slots: Propulsion x2 1441 | -9/Materials | Destroyed 8 combat bots 1466 | -9/Materials | Discovered new exit (range 14) 1902 | -9/Materials | First assault squad dispatched 1909 | -9/Materials | Discovered new exit (range 9) 1962 | -9/Materials | Entered another Materials area 1962 | -8/Materials | Evolved 2 slots: Utility x2 2203 | -8/Materials | Discovered new exit (range 13) 2327 | -8/Materials | Crushed by falling debris 2334 | -8/Materials | Identified exit to Factory 2335 | -8/Materials | Entered Factory 2335 | -7/Factory | Evolved 2 slots: Propulsion x1, Utility x1 2344 | -7/Factory | Identified exit to DSF 2491 | -7/Factory | Lost 3 parts (3n) 2585 | -7/Factory | Build established: Scavenger-Mutant 3135 | -7/Factory | First assault squad dispatched 3359 | -7/Factory | Fabricated Hover Unit (x3) 3435 | -7/Factory | Build established: Mutant 3475 | -7/Factory | Lost 5 parts (1n2u2w) 3644 | -7/Factory | Repaired Broken Cld. Deuterium Engine 3811 | -7/Factory | Sucked down chute 3811 | -7/Factory | Entered Waste 3823 | -7/Waste | Build established: Scavenger-Mutant 3829 | -7/Waste | Spotted C-40 Crusher 3841 | -7/Waste | Spotted C-40 Crusher 3891 | -7/Waste | Spotted C-40 Crusher 3893 | -7/Waste | Spotted C-40 Crusher 3896 | -7/Waste | Spotted C-40 Crusher 3901 | -7/Waste | Spotted C-40 Crusher 3917 | -7/Waste | Discovered new exit (range 12) 3922 | -7/Waste | Warlord forces began an assault 3978 | -7/Waste | Allies destroyed C-40 Crusher 3995 | -7/Waste | Allies destroyed C-40 Crusher 4024 | -7/Waste | Lost 7 allies 4103 | -7/Waste | Identified exit to Factory 4106 | -7/Waste | Entered Factory 4106 | -7/Factory | Accompanied by 5 allies 4435 | -7/Factory | Core integrity fell below 50% 4459 | -7/Factory | Lost 5 allies 4468 | -7/Factory | Build established: Hacker-Mutant 4484 | -7/Factory | Lost 5 parts (4n1u) 4660 | -7/Factory | Repaired Imp. Light Armor Plating 4756 | -7/Factory | Discovered new exit (range 8) 5002 | -7/Factory | Entered Lower Caves 5019 | -7/Lower Caves | Learned Factory terminal intel 5083 | -7/Lower Caves | Encountered a Warlord checkpoint 5237 | -7/Lower Caves | Attracted the attention of an 0b10 checkpoint 5242 | -7/Lower Caves | Core integrity fell below 20% 5400 | -7/Lower Caves | Build established: Scavenger-Mutant 5619 | -7/Lower Caves | Spotted B-75 Beast 5657 | -7/Lower Caves | Discovered new exit (range 8) 5670 | -7/Lower Caves | Entered another Lower Caves area 5719 | -7/Lower Caves | Build established: Mutant 6045 | -7/Lower Caves | Build established: Scavenger-Mutant 6178 | -7/Lower Caves | Attracted the attention of an 0b10 outpost 6198 | -7/Lower Caves | Destroyed self with Mini Grenade Launcher Last Messages --------------- 06184_ S-27 Virus destroyed. 06184_ G-47 Trooper destroyed. 06184_ VSS Leg destroyed. 06184_ Destroyed VSS Leg. 06185_ Penetrated by Slug. 06187_ The unstable cave ceiling collapses. 06188_ Lgt. Treads fries itself beyond repair. 06188_ Aluminum Leg fries itself beyond repair. 06188_ Penetrated by Slug. 06190_ The unstable cave ceiling collapses. 06191_ Slug penetrates Wall. 06194_ Lgt. Nuclear Core destroyed. 06194_ Penetrated by Slug. 06194_ Med. Treads destroyed. 06196_ Lgt. Treads fries itself beyond repair. 06196_ Penetrated by Slug. 06198_ Y-64 Sentinel destroyed. 06198_ Med. Insulated Plating destroyed. 06198_ Destroyed Med. Insulated Plating. [Achievement: Just Browsing] Map ----- +----------------------------------------------------+ | ?????????????????????????????????????????????????? | | ?????????????????????????????????????????????????? | | ?????????????????????????????????????????????????? | | ?????????????????????????????????????????????????? | | ?????????????????????????????????????????????????# | | ?????????????????????????????????????????????????? | | ?????????????????????????????????????????????????? | | ?????????????????????????????????????????????????? | | ?????????????????????????????????????????????????? | | ?????????????????????????????????????????????????? | | ?????????????????????????????????????????????????? | | ???????????????????????????????????????????? ### | | ?????????????????????????????????????????????% | | ?????????????????????????####?????????????????? | | ????????????????????????? ??###???????????????? | | ????????????????????????? ?? ?????????????#### | | ????????????????????????# ?? ????????????## | | ???????????????????????## ?? ??????????#### * | | ???????????????????????# ? ??????????## ### | | ???????????????????????# ## #####??????# % ??? | | ????????????????????#### %$Y "#??????# ##? | | ????????????????????# #???????# ## | | ?????????????????????# "#??# ##### % | | ??????????????????????# "# ## %% % | | ??????????????????????# b " ## % | | ??????????????????????#; @ #??########## | | ??????????????????????## ##?###???????# # | | ????????????????????### # ##?????##% # | | ????????????????????# #### ####??# % # | | ????????????????????## ## ### ##?# # | | ?????????????????????## #? ## ####% # | | ??????????????????????# #?? #### ##% # | | ??????????????????????# ###? ##??# | | ??????????????????????# # #??##??## | | ??????????????????????# #?###### ## | | ??????????????????????## ### ## | | ??????????????????????## ## | | ??????????????????????# ## | | ??????????????????????# #### ### ## ## | | ??????????????????????## ####??## ##?## ## #? | | ???????????????????????###??????# #???##### #? | | ????????????????????????????????# #######" #? | | ????????????????????????????????## ### / " ## | | ?????????????????????????????????# #?# "# " # | | ?????????????????????????????????# #?# # # | | ????????????????????????????????? ##?#" # | | ????????????????????????????????? #??##"#### | | ???????????????????????????????? #???###??## | | ???????????????????????????????? #?????????? | | ???????????????????????????????? ##??????????# | +----------------------------------------------------+ Best States ------------- Heat Dissipation 61 Energy Generation 18 Energy Capacity 310 Matter Stores 300 Matter Capacity 300 Sight Range 16 Robot Scan Range 15 Terrain Scan Range 16 Terrain Scan Density 10 Additional Mass Support 9 Armor Coverage 525 Resistance: EM 20 Weapon Shielding 66 Melee Speed Boost 20 Evasion (%) 56 Targeting Accuracy 8 Armor Integrity Analysis 30 Recoil Reduction 2 Energy Filtering 50 Offensive Hacking 14 Defensive Hacking 14 Item Schematics ----------------- Hover Unit | -10/Materials | Hacked Adv. Weight Redist. System | -8/Materials | Hacked Robot Schematics ------------------ None Fabricated ------------ Hover Unit | x3 | -7/Factory Alien Tech Used ----------------- None Achievements -------------- It Was An Accident, I Swear Just Browsing Challenges ------------ None Game ------ Seed BladeScrapInterrupter Manual? 0 Play Time 01:39:32 Cumulative 22.4 hours Start 2024.08.29 @ 06:12:31 End 2024.08.29 @ 15:39:47 Sessions 2 Manual Loads 0 Difficulty Rogue Special Mode None Game No. 19 Rogue 19 Adventurer 0 Explorer 0 Win Type - Total 0 Types 0/0/0/0/0/0/0/0/0 Lore% 12 Gallery% 25 Achievement% 23 Wizard Run 0 Options --------- Layout 1 ASCII 0 Keyboard 1 Movement Numpad Keybinds 0 Fullscreen 1 Font 16/Tamsyn Map View 55x38 Zoom Use 0% Tactical HUD 1 Map Filters NONE Filters NONE Steam 1 RUN: eb558c50-2169-4b4f-90df-dc3af31604e6